 Dungeon Crawl Stone Soup version 0.21-a0-442-g848f44b (webtiles) character file.

14966 Gildeon the Blocker (level 11, -3/101 HPs)
             Began as a Minotaur Fighter on Nov 12, 2017.
             Slain by a nine-headed hydra (11 damage)
             ... on level 1 of the Lair of Beasts.
             The game lasted 01:23:32 (11877 turns).

Gildeon the Blocker (Minotaur Fighter)             Turns: 11877, Time: 01:23:35

Health: -3/101     AC: 11    Str: 24    XL:     11   Next: 95%
Magic:  0/10       EV: 15    Int:  5    God:
Gold:   671        SH: 12    Dex: 10    Spells: 8/10 levels left

rFire    . . .     SeeInvis .   s - +3 war axe (venom)
rCold    . . .     Gourm    .   c - +0 shield
rNeg     . . .     Faith    .   l - +0 leather armour
rPois    +         Spirit   +   (helmet restricted)
rElec    .         Reflect  .   k - scarf {Spirit}
rCorr    .         Harm     .   V - +2 pair of gloves
MR       .....                  (no boots)
Stlth    +.........             q - amulet of magic regeneration
HPRegen  0.26/turn              e - ring of poison resistance
MPRegen  0.37/turn              a - +4 ring of protection

@: no status effects
A: retaliatory headbutt, horns 2
a: no special abilities


You were on level 1 of the Lair of Beasts.
You were not hungry.

You visited 3 branches of the dungeon, and saw 13 of its levels.

You collected 839 gold pieces.
You spent 168 gold pieces at shops.

Inventory:

Hand Weapons
 s - a +3 war axe of venom (weapon)
Missiles
 E - 8 tomahawks (quivered)
 S - 5 steel tomahawks
Armour
 b - a +0 scale mail
 c - a +0 shield (worn)
 k - a scarf of spirit shield (worn)
 l - a +0 leather armour (worn)
 y - a +0 pair of gloves
 I - a +0 chain mail
 N - a +4 plate armour
 T - a +2 ring mail of cold resistance
 V - a +2 pair of gloves (worn)
Jewellery
 a - a +4 ring of protection (right hand)
 e - a ring of poison resistance (left hand)
 h - an uncursed amulet of faith {unknown}
 q - an amulet of magic regeneration (around neck)
 t - an uncursed ring of fire
 L - an uncursed ring of protection from fire {unknown}
Wands
 A - a wand of random effects (31/48)
 H - a wand of random effects (48/48)
 J - a wand of random effects (22/48)
 R - a wand of iceblast (8/15)
Scrolls
 d - 4 scrolls of amnesia
 j - 3 scrolls of blinking
 o - 2 scrolls of recharging
 u - 3 scrolls of teleportation
 v - 5 scrolls of remove curse
 B - a scroll of fear
 D - a scroll of summoning {unknown}
 Q - a scroll of noise {unknown}
 U - a scroll of identify
 W - a scroll of vulnerability {unknown}
Potions
 g - 5 potions of flight
 m - a potion of lignification {unknown}
 n - 5 potions of curing
 p - 2 potions of might
 r - 2 potions of brilliance
 w - 4 potions of heal wounds
 F - a potion of ambrosia {unknown}
 G - 2 potions of resistance
 K - a potion of berserk rage {unknown}
 M - a potion of mutation {unknown}
 P - 2 potions of cancellation {unknown}
 X - a potion of haste
Books
 Y - a book of Clouds

   Spells                             Type                      Level
   a - Poisonous Vapours              Poison/Air                   2
   b - Mephitic Cloud                 Conjuration/Poison/Air       3
   c - Conjure Flame                  Conjuration/Fire             3
   d - Freezing Cloud                 Conjuration/Ice/Air          6
   e - Ring of Flames                 Charms/Fire                  7
Comestibles
 f - 9 bread rations
 x - 6 meat rations
 z - 7 fruits
 O - 13 royal jellies


   Skills:
 - Level 10.6 Fighting
 - Level 10.5 Axes
 - Level 5.1 Throwing
 - Level 10.0 Armour
 - Level 9.7 Dodging
 - Level 10.7 Shields


You had 8 spell levels left.
You knew the following spells:

 Your Spells              Type           Power        Failure   Level  Hunger
a - Poisonous Vapours     Pois/Air       #.....       83%         2    ###....


Dungeon Overview and Level Annotations

Branches:
Dungeon (11/15)            Temple (1/1) D:6            Lair (1/6) D:11
    Orc (0/2) D:11

Altars:
Cheibriados
Elyvilon
Gozag
Hepliaklqana
Kikubaaqudgha
Nemelex Xobeh
Okawaru
Qazlal
Ru
Sif Muna
Trog
Uskayaw
Vehumet
Wu Jian
Xom
Yredelemnul
Zin
The Shining One
Jiyva

Shops:
D:10 !   D:11 [

Annotations:
D:11 1 runed door


Innate Abilities, Weirdness & Mutations

You reflexively headbutt those who attack you in melee.
You have a pair of horns on your head.


Message History

You block the eight-headed hydra's attack. x2
The eight-headed hydra bites you but does no damage.
The eight-headed hydra bites you!
* * * LOW HITPOINT WARNING * * *
You block the eight-headed hydra's attack.
The eight-headed hydra bites you!
* * * LOW HITPOINT WARNING * * *
You lop one of the eight-headed hydra's heads off!
The seven-headed hydra grows two more!
You slash the nine-headed hydra!
The nine-headed hydra is poisoned.
The nine-headed hydra is lightly wounded.
The nine-headed hydra barely misses you.
The nine-headed hydra misses you.
You block the nine-headed hydra's attack.
The nine-headed hydra bites you!
* * * LOW HITPOINT WARNING * * *
The nine-headed hydra misses you. The nine-headed hydra bites you!
* * * LOW HITPOINT WARNING * * *
The nine-headed hydra bites you!
You die...

## #.........#.. .##
#...............
#.####..............#
##.PP##.#....####...#
#P......#....###....#
##.###.##....##..#..#
#...................#
.#..######.#####D...#
...## #.####.@...##.
...## #...(.........#
#..P# #######..######
#...# #..# #..## #.##
#..# ... ...# ...
#..# ######.##. #..#
###.....# #


You could see a nine-headed hydra.

Vanquished Creatures
  Erica (D:9)
  A centaur warrior (D:11)
  3 two-headed ogres
  A slime creature (D:11)
  Nergalle (D:11)
  A deep elf mage (D:11)
  A troll (D:11)
  Prince Ribbit (D:5)
  2 hippogriffs
  Eustachio (D:5)
  18 yaks
  Grum (D:8)
  A hungry ghost (D:8)
  A steam dragon (D:10)
  Edmund (D:6)
  A water moccasin (Lair:1)
  A porcupine (Lair:1)
  3 orc warriors (D:11)
  Duvessa (D:6)
  2 ice beasts
  3 phantoms
  4 sky beasts
  5 ogres
  3 wolves (D:7)
  9 centaurs
  2 crocodiles
  3 big kobolds
  3 bullfrogs
  Dowan (D:6)
  3 scorpions
  A water moccasin skeleton (D:5)
  18 killer bees
  7 wights
  An electric eel (D:8)
  4 howler monkeys (D:7)
  A bullfrog zombie (D:7)
  5 crimson imps
  A gnoll shaman (D:4)
  A hound (D:7)
  5 jellies
  An orc priest (D:4)
  2 centaur skeletons
  7 orc wizards
  Ijyb (D:5)
  4 iguanas
  5 worker ants
  A mummy (D:7)
  A worker ant zombie (D:5)
  8 gnolls
  A howler monkey skeleton (D:4)
  4 adders
  3 shadow imps
  5 oozes (D:9)
  An adder zombie (D:9)
  2 worms
  A dart slug (D:4)
  3 leopard geckos
  31 orcs
  6 giant cockroaches
  7 goblins
  7 hobgoblins
  9 jackals
  26 kobolds
  3 quokkas
  3 ball pythons
  10 bats
  7 frilled lizards
  A jackal skeleton (D:6)
  A leopard gecko skeleton (D:9)
  A quokka zombie (D:3)
  12 rats
297 creatures vanquished.

Vanquished Creatures (others)
  A bat (D:2)
  A bush (Lair:1)
  A fungus (Lair:1)
  5 toadstools (D:1)
8 creatures vanquished.

Grand Total: 305 creatures vanquished

Notes
Turn   | Place    | Note
-------+----------+-------------------------------------------
     0 | D:1      | Gildeon the Minotaur Fighter began the quest for the Orb.
     0 | D:1      | Reached XP level 1. HP: 19/19 MP: 0/0
   145 | D:1      | Reached XP level 2. HP: 27/27 MP: 1/1
   820 | D:2      | Reached XP level 3. HP: 5/33 MP: 2/2
  1116 | D:2      | Found a basalt altar of Yredelemnul.
  1119 | D:2      | Noticed a profane servitor
  1134 | D:2      | Found a glowing golden altar of the Shining One.
  1136 | D:2      | Noticed an angel
  1252 | D:2      | Found an ancient bone altar of Kikubaaqudgha.
  1600 | D:2      | Reached skill level 5 in Axes
  1600 | D:2      | Reached XP level 4. HP: 16/40 MP: 1/3
  2667 | D:4      | Reached skill level 5 in Fighting
  2667 | D:4      | Reached XP level 5. HP: 36/48 MP: 4/4
  2988 | D:4      | Reached XP level 6. HP: 45/56 MP: 5/5
  3177 | D:4      | Found a white marble altar of Elyvilon.
  3221 | D:4      | Reached skill level 5 in Armour
  3585 | D:5      | Entered Level 5 of the Dungeon
  3585 | D:5      | Noticed Ijyb
  3592 | D:5      | Killed Ijyb
  3617 | D:5      | Reached XP level 7. HP: 61/61 MP: 6/6
  3631 | D:5      | Reached skill level 5 in Shields
  3800 | D:5      | Reached skill level 1 in Dodging
  3836 | D:5      | Noticed Eustachio
  3856 | D:5      | Killed Eustachio
  4108 | D:5      | Reached skill level 5 in Dodging
  4208 | D:5      | Noticed Prince Ribbit
  4241 | D:5      | Killed Prince Ribbit
  4241 | D:5      | Reached XP level 8. HP: 46/69 MP: 7/7
  4575 | D:5      | Found an ornate altar of the Wu Jian Council.
  4641 | D:6      | Noticed Duvessa
  4651 | D:6      | Killed Duvessa
  4653 | D:6      | Noticed Dowan
  4710 | D:6      | Killed Dowan
  4827 | D:6      | Found a staircase to the Ecumenical Temple.
  4832 | Temple   | Entered the Ecumenical Temple
  5025 | D:6      | Noticed Edmund
  5042 | D:6      | Reached skill level 10 in Axes
  5046 | D:6      | Killed Edmund
  5400 | D:7      | Found a snail-covered altar of Cheibriados.
  5472 | D:7      | Reached XP level 9. HP: 74/75 MP: 8/8
  6112 | D:8      | Noticed Grum
  6244 | D:8      | Killed Grum
  6312 | D:8      | Reached skill level 10 in Fighting
  6366 | D:8      | Reached skill level 1 in Throwing
  6532 | D:8      | Found a shimmering altar of Xom.
  6544 | D:8      | Noticed a two-headed ogre
  6554 | D:8      | Killed a two-headed ogre
  6554 | D:8      | Reached skill level 5 in Throwing
  6554 | D:8      | Reached XP level 10. HP: 59/93 MP: 6/9
  7297 | D:9      | Found an opulent altar of Gozag.
  7417 | D:9      | Noticed a two-headed ogre
  7424 | D:9      | Killed a two-headed ogre
  7476 | D:9      | Noticed Erica
  7490 | D:9      | Killed Erica
  7817 | D:9      | Reached skill level 10 in Armour
  7852 | D:9      | Found a bloodstained altar of Trog.
  7853 | D:9      | Found a sacrificial altar of Ru.
  7853 | D:9      | Found an iron altar of Okawaru.
  7924 | D:9      | Found a shimmering altar of Xom.
  8060 | D:9      | Found a viscous altar of Jiyva.
  8314 | D:9      | Found a hazy altar of Hepliaklqana.
  8489 | D:10     | Entered Level 10 of the Dungeon
  8609 | D:10     | Noticed a two-headed ogre
  8617 | D:10     | Killed a two-headed ogre
  8617 | D:10     | Reached XP level 11. HP: 31/100 MP: 6/10
  9637 | D:10     | Found Gidoutte's Distillery.
  9647 | D:10     | Found an ornate altar of the Wu Jian Council.
  9665 | D:10     | Bought a potion of might for 56 gold pieces
  9665 | D:10     | Bought a potion of curing for 42 gold pieces
  9665 | D:10     | Bought a potion of heal wounds for 70 gold pieces
  9878 | D:11     | Found a staircase to the Orcish Mines.
  9917 | D:11     | Reached skill level 10 in Shields
 10051 | D:11     | Found Gidyrphiede's Armour Boutique.
 10278 | D:11     | Noticed a centaur warrior
 10296 | D:11     | Killed a centaur warrior
 10840 | D:11     | Found a runed door.
 10840 | D:11     | Noticed a deep elf mage
 10848 | D:11     | Killed a deep elf mage
 11104 | D:11     | Noticed Nergalle
 11112 | D:11     | Killed Nergalle
 11197 | D:11     | Found a staircase to the Lair.
 11206 | Lair:1   | Entered Level 1 of the Lair of Beasts
 11848 | Lair:1   | Learned a level 2 spell: Poisonous Vapours
 11867 | Lair:1   | Noticed a five-headed hydra
 11877 | Lair:1   | Slain by a nine-headed hydra

Vault maps used:
D:1:      ldierk_walled_garden
D:2:      grunt_temple_overflow_holy_war, lemuel_round_altar
D:4:      nicolae_overflow_crystal_walls
D:5:      marbit_many_paths, lightli_ossuary_entry_decrepit_ruins, first_bread,
          uniq_eustachio, uniq_prince_ribbit1, uniq_ijyb
D:6:      minmay_temple_entry_trees, uniq_edmund, uniq_duvessa
D:7:      slow_altar_1
D:8:      cheibrodos_helix_gallery, basic_altar, serial_glass, glass_columns_b,
          glass_columns_b, minmay_misc_feat_cross, uniq_grum
D:9:      nicolae_gozag_seed_capital, kennysheep_little_box,
          nicolae_overflow_quartered_altars, hangedman_little_slice_of_home,
          uniq_erica
D:10:     serial_shops, nicolae_shop_window_shopping, basic_altar
D:11:     lair_entry_dummy, orc_david_3, minivault_13, uniq_nergalle
Temple:   eino_temple_lava

Skill      XL: |  1  2  3  4  5  6  7  8  9 10 11 |
---------------+----------------------------------+-----
Axes           | 3 5 6 7 10 | 10.5
Fighting       | 5 6 10 | 10.6
Armour         | 4 5 10 | 10.0
Shields        | 4 5 9 10 | 10.7
Dodging        | 5 9 |  9.7
Throwing       | 5 |  5.1

Action                   |  1- 3 |  4- 6 |  7- 9 | 10-12 || total
-------------------------+-------+-------+-------+-------++-------
Melee: War axe           |    98 |   115 |   222 |   346 ||   781
       Headbutt          |     9 |    18 |    48 |    68 ||   143
Throw: Tomahawk          |       |       |       |    42 ||    42
  Use: Scroll            |     9 |     1 |    11 |     5 ||    26
       Potion            |       |     1 |     1 |     3 ||     5
  Eat: Chunk             |     2 |     7 |     8 |    10 ||    27
       Meat ration       |       |       |     1 |       ||     1
       Fruit             |       |       |     1 |     1 ||     2
       Bread ration      |       |       |       |     2 ||     2
Armor: Scale mail        |    52 |    19 |       |       ||    71
       Plate armour      |       |    25 |   101 |   176 ||   302
       Leather armour    |       |       |       |    10 ||    10
Dodge: Dodged            |    34 |    14 |    52 |   123 ||   223
Block: Shield            |    57 |    54 |   113 |   240 ||   464

Table legend:
 A = Spawn XP
 B = Non-spawn XP
 C = Spawn XP percentage of total XP
 D = Spawn monster count
 E = Non-spawn monster count
 F = Spawn count percentage of total count
 G = Total turns spent on level
                    A         B        C        D         E        F      G
               +---------+---------+-------+---------+---------+-------+---------
         Total |       0 |   21381 |   0.0 |       0 |     297 |   0.0 | 11877
               +---------+---------+-------+---------+---------+-------+---------
           D:1 |       0 |      30 |   0.0 |       0 |      20 |   0.0 |   740
           D:2 |       0 |      78 |   0.0 |       0 |      25 |   0.0 |  1212
           D:3 |       0 |      57 |   0.0 |       0 |      24 |   0.0 |   700
           D:4 |       0 |     518 |   0.0 |       0 |      24 |   0.0 |   933
           D:5 |       0 |    1051 |   0.0 |       0 |      14 |   0.0 |  1032
           D:6 |       0 |     980 |   0.0 |       0 |      22 |   0.0 |   779
           D:7 |       0 |    1112 |   0.0 |       0 |      22 |   0.0 |   845
           D:8 |       0 |    2705 |   0.0 |       0 |      38 |   0.0 |  1170
           D:9 |       0 |    2770 |   0.0 |       0 |      22 |   0.0 |  1076
          D:10 |       0 |    4121 |   0.0 |       0 |      44 |   0.0 |  1352
          D:11 |       0 |    6102 |   0.0 |       0 |      32 |   0.0 |  1365
        Lair:1 |       0 |    1857 |   0.0 |       0 |      10 |   0.0 |   671
               +---------+---------+-------+---------+---------+-------+---------
